 Dungeon Crawl Stone Soup version 0.29-a0-473-gacb4ef3bc5 (webtiles) character file.

Game seed: 384811485429563289

35 CrazyBamboolord the Scratcher (level 3, 0/15 HPs)
             Began as a Felid Transmuter on May 23, 2022.
             Slain by Sigmund
             ... wielding a +0 scythe
              (7 damage)
             ... on level 2 of the Dungeon.
             The game lasted 00:04:32 (1276 turns).

CrazyBamboolord the Scratcher (Felid Transmuter)    Turns: 1276, Time: 00:04:33

Health: 0/15       AC:  1    Str:  8    XL:     3   Next: 17%
Magic:  4/7        EV: 18    Int: 14    God:
Gold:   75         SH:  5    Dex: 16    Spells: 3/6 levels left
                                        Lives:  0   Deaths: 0

rFire   . . .      SeeInvis +     - Unarmed
rCold   . . .      Faith    .   (shield unavailable)
rNeg    . . .      Spirit   .   (body armour unavailable)
rPois   .          Reflect  +   (helmet unavailable)
rElec   .          Harm     .   (cloak unavailable)
rCorr   .          Rampage  .   (gloves unavailable)
Will    .....                   (boots unavailable)
Stlth   +.........              e - amulet of reflection
HPRegen 0.05/turn               (no ring)
MPRegen 0.10/turn               (no ring)

@: appendages, wereblooded, quick
A: horns 2, very small, claws 1, fangs 3, see invisible, speed 1, shaggy fur 1,
stealthy paws, no weapons or thrown items, no armour, multi-lived
a: End Transformation


You were on level 2 of the Dungeon.
You had temporarily grown beastly horns.
You visited 1 branch of the dungeon, and saw 2 of its levels.

You collected 75 gold pieces.

Inventory:

Jewellery
 c - the amulet of Elemental Vulnerability {rPois rF-- rC-- AC+8}
   (You found it on level 2 of the Dungeon)

   [amulet of nothing]

   AC:        It affects your AC (+8).
   rF:        It makes you very vulnerable to fire.
   rC:        It makes you very vulnerable to cold.
   rPois:     It protects you from poison.
 e - an amulet of reflection (around neck)
Scrolls
 g - a scroll of noise {unknown}
 h - a scroll of fear
 i - 2 scrolls of teleportation
Potions
 a - a potion of lignification
 b - a potion of cancellation {unknown}
 d - a potion of mutation {unknown}
 j - a potion of attraction {unknown}
 l - a potion of curing {unknown}
 m - 2 potions of might


   Skills:
 * Level 1.3 Fighting
 * Level 3.2 Dodging
 * Level 3.5 Unarmed Combat
 * Level 2.3 Spellcasting
 * Level 2.3 Transmutations


You had 3 spell levels left.
You knew the following spells:

 Your Spells              Type           Power      Damage    Failure   Level
a - Beastly Appendage     Tmut           16%        N/A       9%          1
b - Wereblood             Tmut           8%         N/A       13%         2

Your spell library contained the following spells:

 Spells                   Type           Power      Damage    Failure   Level
 Apportation              Tloc           2%         N/A       22%         1
 Spider Form              Tmut/Pois      4%         N/A       38%         3
 Ice Form                 Ice/Tmut       4%         N/A       80%         4
 Alistair's Intoxication  Tmut/Pois      2%         N/A       98%         5


Dungeon Overview and Level Annotations

Branches:
Dungeon (2/15)

Altars:

Annotations:
D:2 Sigmund


Innate Abilities, Weirdness & Mutations

You have temporarily grown beastly horns.
You have sharp claws.
You have razor-sharp teeth.
You have supernaturally acute eyesight. (SInv)
You cover ground quickly. (Speed+)
You are covered in fur. (AC +1)
Your paws help you pounce on unaware monsters.
You are incapable of wielding weapons or throwing items.
You cannot wear armour.
You gain extra lives every three experience levels.


Message History

You continue putting on your amulet of reflection.
Sigmund gestures at you while chanting.
Keep equipping yourself?
You are confused.
You continue putting on your amulet of reflection. x2
Sigmund closely misses you.
You continue putting on your amulet of reflection.
Sigmund hits you from afar with a +0 scythe.
You continue putting on your amulet of reflection.
You finish putting on your amulet of reflection.
You feel a shielding aura gather around you.
e - an amulet of reflection (around neck)
You bump into the rock wall.
You feel less confused. Sigmund completely misses you.
Sigmund gestures at you while chanting. You resist with some effort.
Okay, then.
Casting: Beastly Appendage (safe; 9% risk of failure)
Press: ? - help, Q - select action, (/) - cycle Dir - look around, f - activate You grow a pair of large bovine horns.
Casting: Beastly Appendage (safe; 9% risk of failure)
Confirm with . or Enter, or press ? or * to list all spells.
Your blood is infused with primal strength.
You are too injured to fight recklessly!
Sigmund misses you.
You scratch Sigmund.
Sigmund is lightly wounded.
Sigmund barely misses you.
You scratch Sigmund.
Sigmund is moderately wounded.
You closely miss Sigmund. You headbutt Sigmund.
Sigmund is moderately wounded.
Sigmund closely misses you.
You barely miss Sigmund. Your headbutt misses Sigmund. You claw Sigmund.
Sigmund is moderately wounded.
You claw Sigmund!
Sigmund is severely wounded.
Sigmund hits you with a +0 scythe!
You die...

#@# #.# #.#
#.# #.###
#...# ###.#
#@# #.
######@# #.#
#......# #.#
#.###### #.#
#.# ####.#
#.#
##....###.#
##...)..##.#
##.......##.#
#.........#.#


You could see Sigmund.

Vanquished Creatures
  2 dart slugs
  3 bats (D:1)
  4 endoplasms (D:1)
  A giant cockroach (D:1)
  2 goblins
  5 hobgoblins
  A kobold (D:1)
  3 quokkas (D:2)
  3 ball pythons (D:1)
  2 rats (D:1)
26 creatures vanquished.

Notes
Turn   | Place    | Note
-------+----------+-------------------------------------------
     0 | D:1      | CrazyBamboolord the Felid Transmuter began the quest for
                  | the Orb.
     0 | D:1      | Reached XP level 1. HP: 9/9 MP: 4/4
   292 | D:1      | Reached XP level 2. HP: 12/12 MP: 4/6
   434 | D:1      | Found a faded altar of an unknown god.
   896 | D:1      | Learned a level 2 spell: Wereblood
   917 | D:2      | Identified the +11 hunting sling of Wuvvist {speed, Str+4
                  | Stlth+}
   942 | D:2      | Reached XP level 3. HP: 15/15 MP: 7/7
   942 | D:2      | Identified a scroll of acquirement
   945 | D:2      | Acquired a book of Party Tricks
   970 | D:2      | Found the amulet of Elemental Vulnerability {rPois rF--
                  | rC-- AC+8}
  1244 | D:2      | Noticed Sigmund
  1276 | D:2      | Slain by Sigmund

Illustrated notes

Levels and vault maps discovered:
D:1:      dpeg_arrival_concentric_ovals, layout_basic,
          hellmonk_ecumenical_altar_lost_god
D:2:      layout_loops_ring, uniq_sigmund

Skill      XL: |  1  2 |
---------------+-------+-----
Dodging        | 3 |  3.2
Fighting       | |  1.3
Unarmed Combat | |  3.5
Spellcasting   | |  2.3
Transmutations | |  2.3

Action                   || total
-------------------------++-------
Melee: Unarmed           ||    76
       Bite              ||     5
       Headbutt          ||     5
       Punch             ||     3
 Cast: Beastly Appendage ||    13
       Wereblood         ||     1
  Use: Scroll            ||     6
 Stab: Sleeping          ||     1
Armor: Skin              ||     7
Dodge: Dodged            ||    65
Block: Other             ||    12

Table legend: (Time is in decaauts)
 A = Elapsed time spent in this place.
 B = Non-inter-level travel time spent in this place.
 C = Inter-level travel time spent in this place.
 D = Time resting spent in this place.
 E = Time spent auto-exploring this place.
 F = Levels seen in this place.
 G = Mean time per level.
                   A        B        C        D        E       F      G
               +--------+--------+--------+--------+--------+-----+--------+
         Total |   1155 |   1099 |     56 |    188 |    678 |   2 |  577.5 |
       Dungeon |   1155 |   1099 |     56 |    188 |    678 |   2 |  577.5 |
               +--------+--------+--------+--------+--------+-----+--------+

Top non-repeatable levels by time:
     D:1: 815 daAuts
     D:2: 339 daAuts
